[Event "Team 45 45 League T45"]
[Site "Internet Chess Club"]
[Date "2010.05.20"]
[Round "3"]
[White "CKNIGHT3"]
[Black "BrerRabbit"]
[Result "1-0"]
[WhiteElo "1459"]
[BlackElo "1510"]
[Opening "King's Indian: Sämisch, 5...O-O"]
[ECO "E81"]
[Time "19:02:16"]
[TimeControl "2700+45"]

1. d4 Nf6 2. c4 g6 3. Nc3 Bg7 4. e4 d6 5. f3 O-O 6. Be3 c5 7. d5 Nbd7 8. Bd3 Ne5
9. Be2 a6 10. Qd2 Rb8 11. O-O-O Ne8 12. h4 Nc7 13. g4 b5 14. h5 bxc4 15. hxg6
fxg6 16. Bh6 Ne8 17. Bxg7 Nxg7 18. Qh6 Kf7 19. Qxh7 Bd7 20. Qh6 Qb6 21. Qd2 a5
22. Nh3 Kg8 23. f4 Nxg4 24. Bxg4 Bxg4 25. Rdg1 Bh5 26. Ng5 Rxf4 27. Ne6 Nxe6 28.
Rxh5 Kg7 29. dxe6 Rbf8 30. Rhg5 Rf1+ 31. Rxf1 Rxf1+ 32. Kc2 Qd8 33. Qg2 Rf6 34.
Nd5 Rxe6 35. Nf4 Re5 36. Rxg6+ Kf8 37. Rg8+ {Black resigns} 1-0

[Event "Team 45 45 League T45"]
[Site "Internet Chess Club"]
[Date "2010.05.23"]
[Round "3"]
[White "SpeedBlade"]
[Black "JohLeb"]
[Result "0-1"]
[WhiteElo "1399"]
[BlackElo "1434"]
[Opening "English opening"]
[ECO "A20"]
[Time "20:00:52"]
[TimeControl "2700+45"]

1. c4 e5 2. g3 Nc6 3. Bg2 Nf6 4. Nc3 d6 5. e4 Nd4 6. Nge2 c5 7. d3 Bd7 8. Be3
Ng4 9. Bxd4 cxd4 10. Nd5 Qa5+ 11. b4 Qd8 12. a4 Nf6 13. O-O Nxd5 14. cxd5 Be7
15. f4 Bg4 16. fxe5 dxe5 17. b5 O-O 18. Bf3 Qd7 19. Rc1 Rac8 20. Qd2 Bxf3 21.
Rxf3 Qg4 22. Rxc8 Rxc8 23. Rf1 Bg5 24. Qb2 h5 25. Nc1 h4 26. Qg2 hxg3 27. Qxg3
Qxg3+ 28. hxg3 Rxc1 29. Rxc1 Bxc1 30. Kg2 g5 31. g4 Kf8 32. Kf2 Ke7 33. Ke2 Kd6
34. Kd1 Ba3 35. Kc2 Kc5 36. Kb3 Bb4 37. Kb2 Kb6 38. Kb3 Ka5 39. Kc4 Kxa4 40. d6
Bxd6 41. Kd5 Bb8 42. Kc4 Ka5 {White resigns} 0-1

[Event "Team 45 45 League T45"]
[Site "Internet Chess Club"]
[Date "2010.05.22"]
[Round "3"]
[White "SugarIslander"]
[Black "b-spot"]
[Result "1-0"]
[WhiteElo "1712"]
[BlackElo "1746"]
[Opening "QGD Slav: Slav gambit"]
[ECO "D15"]
[Time "14:01:30"]
[TimeControl "2700+45"]

1. d4 d5 2. c4 c6 3. Nc3 Nf6 4. Nf3 dxc4 5. e4 b5 6. a3 e6 7. Bg5 h6 8. Bh4 g5
9. Bg3 Bb7 10. Qc2 Nbd7 11. Be2 Qb6 12. O-O O-O-O 13. b3 cxb3 14. Qxb3 Nh5 15.
d5 Nxg3 16. hxg3 Nc5 17. Qc2 exd5 18. exd5 Bg7 19. dxc6 Bxc6 20. Rab1 Bxc3 21.
Qxc3 Rhe8 22. Ne5 Rd5 23. Nxc6 Rxe2 24. Nd4 Ree5 25. Rxb5 Qd6 26. Nf3 Rf5 27. g4
Rf4 28. Rc1 Rxg4 29. Rxc5+ Rxc5 30. Qxc5+ Qxc5 31. Rxc5+ Kb7 32. Rf5 Rf4 33.
Rxf4 gxf4 {Black resigns} 1-0

[Event "Team 45 45 League T45"]
[Site "Internet Chess Club"]
[Date "2010.05.21"]
[Round "3"]
[White "crazyhorses"]
[Black "MrKarma"]
[Result "1/2-1/2"]
[WhiteElo "1466"]
[BlackElo "1597"]
[Opening "Scandinavian: Marshall variation"]
[ECO "B01"]
[Time "18:00:05"]
[TimeControl "2700+45"]

1. e4 d5 2. exd5 Nf6 3. d4 Nxd5 4. Nf3 b6 5. g3 Bb7 6. Bg2 Nf6 7. O-O Nbd7 8.
Re1 g6 9. Qe2 Bg7 10. c3 e6 11. Nbd2 O-O 12. Ne5 Bxg2 13. Nxd7 Qxd7 14. Kxg2
Rfe8 15. Qf3 Qd5 16. Ne4 Nxe4 17. Qxe4 Qxe4+ 18. Rxe4 f5 19. Re2 e5 20. dxe5
Rxe5 21. Rxe5 Bxe5 22. Bg5 Kf7 23. Re1 Bf6 24. Bxf6 Kxf6 25. f4 Rd8 26. Re2 Rd3
27. Kf2 c5 28. c4 h5 29. h4 a5 30. b3 a4 31. Re3 Rd2+ 32. Re2 Rd3 33. Re3 Rd2+
{Game drawn by mutual agreement} 1/2-1/2

[Event "Team 45 45 League T45"]
[Site "Internet Chess Club"]
[Date "2010.05.22"]
[Round "3"]
[White "oldsj"]
[Black "GadsHill"]
[Result "1-0"]
[WhiteElo "1631"]
[BlackElo "1536"]
[Opening "Ruy Lopez: closed, Chigorin defense"]
[ECO "C97"]
[Time "18:00:24"]
[TimeControl "2700+45"]

1. e4 e5 2. Nf3 Nc6 3. Bb5 a6 4. Ba4 Nf6 5. O-O Be7 6. Re1 b5 7. Bb3 d6 8. c3
O-O 9. h3 Na5 10. Bc2 c5 11. d4 Qc7 12. Nbd2 Bd7 13. Nf1 Nc4 14. b3 Nb6 15. Ng3
g6 16. Be3 Rfd8 17. Qe2 b4 18. dxc5 dxc5 19. cxb4 Bb5 20. Bd3 Rxd3 21. a4 Rxe3
22. Qxe3 Bc6 23. bxc5 Nbd7 24. b4 Rb8 25. Qc3 Ne8 26. Nd2 Ng7 27. Nc4 Ne6 28. f3
Nd4 29. Ne2 Ne6 30. Ne3 Nf6 31. Red1 Nh5 32. Nd5 Bxd5 33. exd5 Nxc5 34. bxc5
Bxc5+ 35. Kh1 Qe7 36. Rac1 Bd4 37. Nxd4 Ng3+ 38. Kh2 exd4 39. Qe1 Ne2 40. Kh1
Qe3 41. Rxd4 Qxd4 42. Qxe2 Qxd5 43. Qxa6 Ra8 44. Rc8+ Rxc8 45. Qxc8+ Kg7 46. Qc2
Qe5 47. Qc4 Qe1+ 48. Kh2 Qe5+ 49. f4 Qf5 50. g4 Qa5 51. Qd4+ Kg8 52. g5 Qc7 53.
Qd2 Qc4 54. a5 Qb5 55. Qd8+ Kg7 56. Qd4+ Kg8 57. Qd8+ Kg7 58. Qd2 Kg8 59. Qa2
Qa6 60. Qd2 Kg7 61. Kg3 Qe6 62. Qb2+ Kg8 63. Qb8+ Kg7 64. Qe5+ {Black resigns}
1-0

[Event "Team 45 45 League T45"]
[Site "Internet Chess Club"]
[Date "2010.05.25"]
[Round "3"]
[White "whiskeytown"]
[Black "rom1"]
[Result "1-0"]
[WhiteElo "1488"]
[BlackElo "1504"]
[Opening "Van't Kruijs opening"]
[ECO "A00"]
[Time "16:10:51"]
[TimeControl "2700+45"]

1. e3 Nf6 2. Nc3 g6 3. Nf3 d5 4. d4 Bg7 5. g3 O-O 6. Bg2 Nbd7 7. O-O Re8 8. Re1
e5 9. dxe5 Nxe5 10. Nxe5 Rxe5 11. Qd4 Qe7 12. Nxd5 Nxd5 13. Bxd5 c6 14. Bg2 Bf5
15. e4 Bxe4 16. Rxe4 Rd8 17. Rxe5 Bxe5 18. Qg4 f5 19. Bg5 Qc5 20. Qe2 Bxb2 21.
Rb1 {Black resigns} 1-0

[Event "Team 45 45 League T45"]
[Site "Internet Chess Club"]
[Date "2010.05.22"]
[Round "3"]
[White "The-Capitalist"]
[Black "SeniorCitizen"]
[Result "1-0"]
[WhiteElo "1384"]
[BlackElo "1252"]
[Opening "French: classical, Tartakower variation"]
[ECO "C13"]
[Time "06:00:27"]
[TimeControl "2700+45"]

1. e4 e6 2. d4 d5 3. Nc3 Nf6 4. Bg5 Be7 5. e5 Ne4 6. Bxe7 Qxe7 7. Nxe4 dxe4 8.
Qe2 O-O 9. Qxe4 Qb4+ 10. c3 Qxb2 11. Rd1 Qxc3+ 12. Rd2 Qa1+ 13. Rd1 Qxa2 14. Bd3
Qd5 15. Qxh7# {Black checkmated} 1-0

[Event "Team 45 45 League T45"]
[Site "Internet Chess Club"]
[Date "2010.05.19"]
[Round "3"]
[White "KingOfHearts"]
[Black "MateIn42"]
[Result "0-1"]
[WhiteElo "1301"]
[BlackElo "1432"]
[Opening "Petrov three knights game"]
[ECO "C42"]
[Time "21:30:28"]
[TimeControl "2700+45"]

1. e4 e5 2. Nf3 Nf6 3. Nc3 d5 4. d4 exd4 5. Nxd4 dxe4 6. Bc4 Bg4 7. Nce2 Bc5 8.
Be3 Bxd4 9. Bxd4 Nc6 10. Qd2 Bxe2 11. Bxe2 Qxd4 12. Qf4 Qd6 13. Qg5 O-O 14. O-O
Qe5 15. Qh4 Nd4 16. f4 Nxe2+ 17. Kh1 Qh5 18. Qf2 Ng4 {White resigns} 0-1

[Event "Team 45 45 League T45"]
[Site "Internet Chess Club"]
[Date "2010.05.21"]
[Round "3"]
[White "bowwrestler"]
[Black "chips"]
[Result "1/2-1/2"]
[WhiteElo "1048"]
[BlackElo "1238"]
[Opening "Scandinavian (center counter) defense"]
[ECO "B01"]
[Time "10:00:28"]
[TimeControl "2700+45"]

1. e4 d5 2. exd5 Qxd5 3. Nc3 Qa5 4. d4 Nf6 5. Bd2 Bg4 6. Nf3 Bxf3 7. Qxf3 c6 8.
Bc4 Qh5 9. Qxh5 Nxh5 10. O-O e6 11. Rad1 Bd6 12. Rfe1 O-O 13. a3 Nf6 14. Ne4
Nxe4 15. Rxe4 Nd7 16. Rg4 Nf6 17. Rh4 g6 18. Bh6 Rfc8 19. Bg5 Nd7 20. Bf4 Bxf4
21. Rxf4 Nb6 22. Be2 Nd5 23. Rf3 c5 24. dxc5 Rxc5 25. c4 Nb6 26. b4 Rcc8 27. c5
Na4 28. Rd7 Nxc5 29. bxc5 Rxc5 30. Rfxf7 Rc1+ 31. Bf1 h5 32. Rxb7 Rd8 33. Rg7+
Kh8 34. Rh7+ Kg8 35. Rbg7+ Kf8 36. Rf7+ Kg8 37. Rfg7+ Kf8 38. Rf7+ Kg8 39. Rfg7+
Kf8 {Game drawn by repetition} 1/2-1/2

[Event "Team 45 45 League T45"]
[Site "Internet Chess Club"]
[Date "2010.05.23"]
[Round "3"]
[White "Cicero"]
[Black "KidRattler"]
[Result "1-0"]
[WhiteElo "1152"]
[BlackElo "1047"]
[Opening "Queen's pawn game, Chigorin variation"]
[ECO "D02"]
[Time "12:30:17"]
[TimeControl "2700+45"]

1. d4 d5 2. Nf3 Nc6 3. e3 Bf5 4. Bd3 Bxd3 5. cxd3 Nf6 6. Nc3 e6 7. O-O Bb4 8. a3
Bxc3 9. bxc3 Qd6 10. Re1 O-O 11. e4 dxe4 12. dxe4 e5 13. a4 exd4 14. cxd4 Nd7
15. Qd2 Nb6 16. Ba3 Qd8 17. Bxf8 Qxf8 18. Rec1 Re8 19. a5 Nc8 20. a6 b6 21. Rxc6
Rxe4 22. Ng5 Re7 23. Qc2 Qe8 24. Qxh7+ Kf8 25. Qh8# {Black checkmated} 1-0

[Event "Team 45 45 League T45"]
[Site "Internet Chess Club"]
[Date "2010.05.25"]
[Round "3"]
[White "JimGaming"]
[Black "bajerk"]
[Result "1-0"]
[WhiteElo "1315"]
[BlackElo "1285"]
[Opening "Scotch gambit"]
[ECO "C44"]
[Time "14:00:23"]
[TimeControl "2700+45"]

1. e4 e5 2. Nf3 Nc6 3. d4 exd4 4. Bc4 h6 5. Nxd4 Nxd4 6. Qxd4 Ne7 7. O-O Nc6 8.
Qc3 Bc5 9. Bxf7+ Kxf7 10. Qxc5 d6 11. Qh5+ g6 12. Qf3+ Kg7 13. Bd2 Rf8 14. Qe3
g5 15. Bc3+ Kh7 16. Nd2 Bg4 17. f3 Bh5 18. g3 Qe7 19. Kg2 a5 20. a3 b5 21. Qd3
Bg6 22. Qxb5 Be8 23. Qd3 Bd7 24. Rae1 Rae8 25. g4 h5 26. e5+ Kh6 27. gxh5 Nxe5
28. Bxe5 dxe5 29. Qg6# {Black checkmated} 1-0

[Event "Team 45 45 League T45"]
[Site "Internet Chess Club"]
[Date "2010.05.22"]
[Round "3"]
[White "clammer"]
[Black "rgadoury"]
[Result "0-1"]
[WhiteElo "1220"]
[BlackElo "1261"]
[Opening "Caro-Kann defense"]
[ECO "B12"]
[Time "17:32:32"]
[TimeControl "2700+45"]

1. e4 c6 2. d4 g6 3. Nf3 Bg7 4. e5 d6 5. Bf4 Bg4 6. Nbd2 Nd7 7. h3 Bxf3 8. Nxf3
dxe5 9. dxe5 Qa5+ 10. c3 Bxe5 11. b4 Bxc3+ 12. Bd2 Bxb4 13. Qb3 Bxd2+ 14. Nxd2
Nc5 15. Qf3 Nf6 16. Bc4 O-O 17. O-O Qxd2 {White resigns} 0-1

[Event "Team 45 45 League T45"]
[Site "Internet Chess Club"]
[Date "2010.05.23"]
[Round "3"]
[White "MeansToAnEnd"]
[Black "theartist"]
[Result "1-0"]
[WhiteElo "1193"]
[BlackElo "1195"]
[Opening "French defense"]
[ECO "C00"]
[Time "12:31:13"]
[TimeControl "2700+45"]

1. e4 e6 2. Nc3 d5 3. exd5 exd5 4. d4 Nf6 5. Bd3 Bd6 6. Nf3 O-O 7. O-O Be6 8.
Ng5 c6 9. Nxe6 fxe6 10. Qe2 Re8 11. Bg5 Nbd7 12. Rae1 h6 13. Bh4 e5 14. dxe5
Bxe5 15. Bg3 Bxg3 16. Qf3 Be5 17. Qf5 Qc7 18. f4 Bxc3 19. bxc3 Qb6+ 20. Kh1 Nc5
21. Rb1 Qc7 22. g4 Nxd3 23. cxd3 Re3 24. g5 Ne8 25. gxh6 Nd6 26. h7+ Kh8 27. Qg6
Rae8 28. f5 {Black forfeits on time} 1-0

[Event "Team 45 45 League T45"]
[Site "Internet Chess Club"]
[Date "2010.05.24"]
[Round "3"]
[White "NewfieKnight"]
[Black "sere"]
[Result "0-1"]
[WhiteElo "1104"]
[BlackElo "1164"]
[Opening "QGD: Marshall defense"]
[ECO "D06"]
[Time "11:00:05"]
[TimeControl "2700+45"]

1. d4 d5 2. c4 Nf6 3. Nc3 Bf5 4. Bg5 Ne4 5. cxd5 Nxg5 6. Nf3 Ne4 7. Qa4+ c6 8.
dxc6 Nxc6 9. d5 Nxc3 10. bxc3 Qxd5 11. Rd1 Qa5 12. Qb3 g6 13. Qxb7 Rc8 14. e3
Bg7 15. Bb5 Qc7 16. Bxc6+ Qxc6 17. Qxc6+ Rxc6 18. O-O Bxc3 19. Rc1 O-O 20. Nd4
Rc7 21. Nxf5 gxf5 22. f4 Rfc8 23. Rcd1 Ba5 24. h3 Rc2 25. a4 Ra2 26. Rd5 Rcc2
27. Rxa5 Rxg2+ 28. Kh1 Rh2+ {White resigns} 0-1

[Event "Team 45 45 League T45"]
[Site "Internet Chess Club"]
[Date "2010.05.23"]
[Round "3"]
[White "randallsr"]
[Black "BlunderJack"]
[Result "1-0"]
[WhiteElo "1765"]
[BlackElo "1635"]
[Opening "English opening: Agincourt variation"]
[ECO "A13"]
[Time "17:00:23"]
[TimeControl "2700+45"]

1. Nf3 d5 2. c4 e6 3. cxd5 exd5 4. g3 Nf6 5. b3 Be7 6. Bb2 O-O 7. Bg2 c5 8. O-O
Nc6 9. Ne5 Nxe5 10. Bxe5 Be6 11. d3 Bd6 12. Bxd6 Qxd6 13. Nd2 Rfe8 14. Rc1 Rad8
15. Qc2 b6 16. e3 Ng4 17. Nf3 f5 18. d4 Rc8 19. dxc5 bxc5 20. Qb2 Nf6 21. Rfd1
Qb6 22. Ng5 Rcd8 23. Nxe6 Rxe6 24. Qc2 d4 25. exd4 cxd4 26. Qxf5 Re2 27. Rc2 d3
28. Rc8 d2 29. Bf1 Re1 30. Rxd2 Rxf1+ 31. Kxf1 Qa6+ 32. Qd3 Qxd3+ 33. Rxd3 Rxc8
34. h3 Rc7 35. b4 Rc2 36. a4 Rb2 37. Rd8+ Kf7 38. Ra8 Rxb4 39. Rxa7+ Kg6 40. a5
Ra4 41. Kg2 Ra3 42. h4 h6 43. a6 Ne4 44. h5+ Kf6 45. Ra8 Nd6 46. a7 Nb5 47. Rf8+
Ke7 48. a8=Q Rxa8 49. Rxa8 Nd6 50. Kf3 Kf6 51. Kg4 Nf7 52. f4 Ke6 53. Kf3 Kf6
54. Ra6+ Ke7 55. g4 Nd6 56. Ra7+ Kf6 57. Ra6 Ke6 58. g5 hxg5 59. fxg5 Ke5 60.
Kg4 Nf7 61. g6 Nh6+ 62. Kg5 Ng8 63. Ra7 Ke6 64. Rxg7 Ne7 65. Rxe7+ Kxe7 66. Kh6
Kf8 67. Kh7 Ke7 68. g7 {Black resigns} 1-0

[Event "Team 45 45 League T45"]
[Site "Internet Chess Club"]
[Date "2010.05.24"]
[Round "3"]
[White "quaksterjohny"]
[Black "slowdown"]
[Result "0-1"]
[WhiteElo "1375"]
[BlackElo "1627"]
[Opening "Sicilian: Alapin's variation (2.c3)"]
[ECO "B22"]
[Time "18:30:58"]
[TimeControl "2700+45"]

1. e4 c5 2. c3 d5 3. exd5 Qxd5 4. d4 Nf6 5. Nf3 Bg4 6. dxc5 Qxd1+ 7. Kxd1 e6 8.
b4 Be7 9. Bb5+ Nc6 10. a4 a6 11. Be2 O-O 12. h3 Bf5 13. Be3 Nd5 14. Bc1 Bxb1 15.
Bd2 Bg6 16. g3 Rfd8 17. h4 Nxc3+ 18. Ke1 Nxe2 19. Kxe2 Bd3+ 20. Ke1 Be4 21. Ke2
Bxf3+ 22. Kxf3 Rxd2 23. b5 Ne5+ 24. Ke3 Rad8 25. f4 R8d3+ 26. Ke4 Re2# {White
checkmated} 0-1

[Event "Team 45 45 League T45"]
[Site "Internet Chess Club"]
[Date "2010.05.21"]
[Round "3"]
[White "badmove"]
[Black "check-man"]
[Result "0-1"]
[WhiteElo "1804"]
[BlackElo "1549"]
[Opening "Richter-Veresov attack"]
[ECO "D01"]
[Time "17:00:26"]
[TimeControl "2700+45"]

1. d4 d5 2. Nc3 Nf6 3. Bg5 c6 4. f3 Nbd7 5. Qd2 e6 6. e4 h6 7. Bh4 Nxe4 8. Nxe4
Qxh4+ 9. g3 Qd8 10. Nf2 Bd6 11. Ne2 O-O 12. f4 c5 13. g4 cxd4 14. g5 hxg5 15.
fxg5 e5 16. Rg1 Nb6 17. Ng4 Bxg4 18. Rxg4 Nc4 19. Qd3 Ne3 20. Rh4 e4 21. Qd2
Qxg5 22. Rh3 Qf6 23. Rxe3 dxe3 24. Qxe3 Qxb2 25. Rd1 Rfd8 26. c3 Bxh2 27. Nd4
Rac8 28. Rc1 Be5 29. Ne2 Rd6 30. Qh3 Rdc6 31. Kf2 Bxc3 32. Kg1 Bd4+ 33. Kg2 Rxc1
34. Kg3 Qa3+ {White resigns} 0-1

[Event "Team 45 45 League T45"]
[Site "Internet Chess Club"]
[Date "2010.05.22"]
[Round "3"]
[White "Zappy"]
[Black "medsurg"]
[Result "1-0"]
[WhiteElo "1510"]
[BlackElo "1323"]
[Opening "Two knights defense (Modern bishop's opening)"]
[ECO "C55"]
[Time "19:00:18"]
[TimeControl "2700+45"]

1. e4 e5 2. Nf3 Nc6 3. Bc4 Nf6 4. d3 Be7 5. Nc3 O-O 6. O-O d6 7. Be3 Na5 8. Bb3
Nxb3 9. axb3 a6 10. Qe2 Re8 11. h3 c6 12. Rfd1 Bf8 13. Na4 d5 14. exd5 Nxd5 15.
Bc5 Bxc5 16. Nxc5 Qe7 17. Ne4 h6 18. Re1 Nf4 19. Qe3 Nd5 20. Qd2 Bf5 21. Nc3 Nf4
22. Ne2 Nxe2+ 23. Rxe2 f6 24. Rae1 Qf7 25. Qe3 Re6 26. Qd2 Rae8 27. Qc3 Qh5 28.
Qb4 R6e7 29. Qc4+ Kh8 30. Nd4 Qg6 31. Nxf5 Qxf5 32. Qe4 Qxe4 33. Rxe4 Rd8 34. f4
Rde8 35. d4 g5 36. fxe5 f5 37. R4e2 Re6 38. Rf1 f4 39. Kh2 Kg7 40. g3 Rf8 41.
gxf4 Rxf4 42. Rxf4 gxf4 43. Kg2 Kg6 44. Kf3 Kf5 45. Re4 {Black resigns} 1-0

[Event "Team 45 45 League T45"]
[Site "Internet Chess Club"]
[Date "2010.05.22"]
[Round "3"]
[White "Packerfan"]
[Black "Electryon"]
[Result "1-0"]
[WhiteElo "1690"]
[BlackElo "1417"]
[Opening "Sicilian: Alapin's variation (2.c3)"]
[ECO "B22"]
[Time "15:01:13"]
[TimeControl "2700+45"]

1. e4 c5 2. c3 d5 3. exd5 Qxd5 4. d4 cxd4 5. cxd4 Nc6 6. Nf3 Bg4 7. Be2 e6 8.
Nc3 Bb4 9. O-O Qa5 10. Qd3 Nge7 11. a3 Bxc3 12. bxc3 O-O 13. Bf4 Nd5 14. Bd2 Bf5
15. Qb5 Nxc3 16. Bxc3 Qxc3 17. Rfc1 Qa5 18. Qxb7 Be4 19. Rxc6 Bxc6 20. Qxc6 Rfc8
21. Qe4 Qc3 22. Qb1 Rab8 23. Qe1 Rb3 24. a4 Ra3 25. Rxa3 Qxa3 26. Qa5 Qc1+ 27.
Bf1 Qc7 28. Qxc7 Rxc7 29. a5 Rc1 30. a6 Rd1 31. g3 h6 32. Kg2 g5 33. Be2 Ra1 34.
Ne5 Ra2 35. Kf3 Ra3+ 36. Kg2 Rc3 37. f3 f6 38. Nd7 Kf7 39. Kf2 Ke7 40. Nc5 f5
41. Nd3 Kd6 42. Ne5 Rc7 43. Ke3 Rc3+ 44. Bd3 Rc7 45. Bc4 h5 46. Kd3 g4 47. Kc3
h4 48. fxg4 hxg3 49. hxg3 fxg4 50. Nxg4 Rg7 51. Ne5 Rxg3+ 52. Kb4 Rg2 53. Bb3
Rd2 54. Nc4+ {Black resigns} 1-0

[Event "Team 45 45 League T45"]
[Site "Internet Chess Club"]
[Date "2010.05.23"]
[Round "3"]
[White "JWB"]
[Black "Eyechess"]
[Result "0-1"]
[WhiteElo "1670"]
[BlackElo "1696"]
[Opening "French: Rubinstein variation"]
[ECO "C10"]
[Time "11:00:14"]
[TimeControl "2700+45"]

1. e4 e6 2. d4 d5 3. Nc3 dxe4 4. Nxe4 Be7 5. Nf3 Nf6 6. Bd3 Nxe4 7. Bxe4 Nd7 8.
c3 c5 9. O-O O-O 10. Re1 Qc7 11. Bc2 Nf6 12. Qd3 h6 13. Ne5 cxd4 14. cxd4 Qa5
15. Bd2 Qb6 16. Ng4 Rd8 17. Nxh6+ gxh6 18. Bxh6 Rxd4 19. Qe3 Ng4 20. Qg3 Qd6 21.
Qh3 Nxh6 22. Qxh6 Rh4 23. Qe3 Qxh2+ 24. Kf1 b6 25. Be4 Rxe4 26. Qxe4 Ba6+ 27.
Re2 Qh1# {White checkmated} 0-1

[Event "Team 45 45 League T45"]
[Site "Internet Chess Club"]
[Date "2010.05.22"]
[Round "3"]
[White "chesskix"]
[Black "rayngrant"]
[Result "0-1"]
[WhiteElo "1334"]
[BlackElo "1550"]
[Opening "Grünfeld: modern exchange variation"]
[ECO "D85"]
[Time "10:00:23"]
[TimeControl "2700+45"]

1. d4 Nf6 2. c4 g6 3. Nc3 d5 4. cxd5 Nxd5 5. e4 Nxc3 6. bxc3 Bg7 7. Nf3 c5 8.
Bb2 Nc6 9. Bd3 O-O 10. Bc2 Bg4 11. h3 Bxf3 12. Qxf3 cxd4 13. cxd4 Nxd4 14. Bxd4
Bxd4 15. Rd1 Qa5+ 16. Ke2 e5 17. Bb3 Qb5+ 18. Qd3 Qb6 19. f4 Rad8 20. Qf3 Qb5+
21. Qd3 Qxd3+ 22. Rxd3 exf4 23. Rhd1 Bb6 24. Rxd8 Rxd8 25. Bd5 Rd7 26. Rc1 Kg7
27. Kf3 Be3 28. Rc4 b6 29. a4 a5 30. g3 g5 31. h4 h6 32. h5 Kf8 33. g4 Ke7 34.
Rc6 Rd6 35. Rc7+ Kf6 36. Rxf7+ Ke5 37. Re7+ Kd4 38. Rc7 Bd2 39. Rc4+ Kd3 40. Rc8
Bb4 41. Bb7 b5 42. axb5 Rb6 43. Bc6 a4 44. e5 a3 45. Ra8 Kc3 46. e6 Kb2 47. Ra4
Kb3 48. Rxb4+ Kxb4 49. e7 Rb8 50. e8=Q Rxe8 51. Bxe8 a2 52. b6 a1=Q 53. b7 Qh1+
54. Ke2 Qxb7 55. Bg6 Kc3 56. Kf2 Kd2 57. Bf5 Qb6+ 58. Kf1 Ke3 59. Ke1 Qb2 {White
resigns} 0-1

[Event "Team 45 45 League T45"]
[Site "Internet Chess Club"]
[Date "2010.05.22"]
[Round "3"]
[White "FractalDante"]
[Black "MCJR"]
[Result "1/2-1/2"]
[WhiteElo "1384"]
[BlackElo "1430"]
[Opening "Sicilian: Labourdonnais-Löwenthal variation"]
[ECO "B32"]
[Time "17:00:23"]
[TimeControl "2700+45"]

1. e4 c5 2. Nf3 Nc6 3. d4 cxd4 4. Nxd4 e5 5. Nb5 a6 6. Nd6+ Bxd6 7. Qxd6 Qf6 8.
Qd1 Qg6 9. Nc3 Nf6 10. f3 d5 11. Nxd5 Nxd5 12. Qxd5 Be6 13. Qc5 Rc8 14. Qb6 O-O
15. Qf2 Rfd8 16. c3 f5 17. exf5 Qxf5 18. Be2 Rf8 19. O-O Qg6 20. Qg3 Qf6 21. Be3
Na5 22. Qg5 Qxg5 23. Bxg5 Nc4 24. Bxc4 Bxc4 25. Rfe1 Rf5 26. Be7 Re8 27. Bd6 Re6
28. Bb4 Bb5 29. Rad1 Bc6 30. Rd8+ Kf7 31. Rf8+ Kg6 32. Rxf5 Kxf5 33. Kf2 g5 34.
h3 h6 35. b3 Re8 36. Rd1 e4 37. fxe4+ Rxe4 38. Rf1 Kg6 39. Bc5 Re5 40. Bd4 Re4
41. Kg1 Rf4 42. g3 Rf3 43. Rxf3 Bxf3 44. Kf2 Bc6 45. a3 Kf5 46. g4+ Ke4 47. Bg7
Kd3 48. Bxh6 Kxc3 49. Bxg5 Kxb3 50. Be7 a5 51. Ke3 Kc4 52. Kf4 Kd5 53. Kf5 Bd7+
54. Kf6 Ke4 55. Kg5 Kf3 56. Kh4 Kg2 57. Bc5 a4 58. Bb6 Be6 {Game drawn by mutual
agreement} 1/2-1/2

[Event "Team 45 45 League T45"]
[Site "Internet Chess Club"]
[Date "2010.05.22"]
[Round "3"]
[White "ILRE"]
[Black "kid6988"]
[Result "0-1"]
[WhiteElo "1554"]
[BlackElo "1357"]
[Opening "Ruy Lopez: 5.O-O"]
[ECO "C78"]
[Time "20:03:31"]
[TimeControl "2700+45"]

1. e4 e5 2. Nf3 Nc6 3. Bb5 a6 4. Ba4 Nf6 5. O-O b5 6. Bb3 Bc5 7. Nxe5 Nxe5 8. d4
Bxd4 9. Qxd4 d6 10. Bg5 Bb7 11. Nc3 c5 12. Bxf7+ Nxf7 13. Qe3 Nxg5 14. Qxg5 O-O
15. Rad1 b4 16. Nd5 Nxd5 17. Qxd8 Raxd8 18. exd5 Rf5 19. c4 a5 20. b3 Ba6 21.
Rfe1 a4 22. Re7 axb3 23. axb3 Rdf8 24. f3 Bc8 25. Ra1 Re5 26. Rc7 Re3 27. Raa7
Bf5 28. Rc6 Rxb3 29. Rxd6 Rb2 30. Rb6 Re8 31. h3 Bxh3 32. Kh2 Bxg2 33. Kg3 Rf8
34. d6 Rxf3+ 35. Kg4 Rf6 36. d7 Rd2 37. Rxf6 gxf6 38. Rc7 Kf8 39. Rxc5 Rxd7 40.
Rc8+ Kg7 41. c5 Rb7 42. c6 Bxc6 43. Rxc6 Kg6 44. Rc2 b3 45. Rb2 f5+ 46. Kf3 Kg5
47. Rg2+ Kf6 48. Rb2 Rb4 49. Ke3 Ke5 50. Kd3 f4 51. Kc3 Rb6 52. Re2+ Kf5 53. Kb2
f3 54. Re8 f2 {White resigns} 0-1

[Event "Team 45 45 League T45"]
[Site "Internet Chess Club"]
[Date "2010.05.22"]
[Round "3"]
[White "Deadly-Spike"]
[Black "blizzard13"]
[Result "0-1"]
[WhiteElo "1226"]
[BlackElo "1417"]
[Opening "Ruy Lopez (Spanish opening)"]
[ECO "C60"]
[Time "14:04:13"]
[TimeControl "2700+45"]

1. e4 e5 2. Nf3 Nc6 3. Bb5 Qf6 4. c3 Bd6 5. O-O Nge7 6. d4 exd4 7. cxd4 Qg6 8.
g3 a6 9. Bd3 Qg4 10. Nc3 Nb4 11. Be2 Qg6 12. Nh4 Qe6 13. e5 Bxe5 14. dxe5 Qxe5
15. Re1 Qf6 16. a3 Nbc6 17. Nd5 Nxd5 18. Qxd5 O-O 19. Bd3 Ne7 20. Qe4 Ng6 21.
Nxg6 hxg6 22. h4 d6 23. Qe7 Qf3 24. Bf1 Bf5 25. Qxc7 Be4 26. Rxe4 Qxe4 27. Qxd6
Rad8 28. Bg2 Qe1+ {White resigns} 0-1

[Event "Team 45 45 League T45"]
[Site "Internet Chess Club"]
[Date "2010.05.22"]
[Round "3"]
[White "houseofcook"]
[Black "TICC"]
[Result "1-0"]
[WhiteElo "1534"]
[BlackElo "1112"]
[Opening "Scotch gambit"]
[ECO "C44"]
[Time "12:53:55"]
[TimeControl "2700+45"]

1. e4 e5 2. Nf3 Nc6 3. d4 exd4 4. Bc4 h6 5. e5 Bc5 6. c3 dxc3 7. Bxf7+ Kxf7 8.
Qd5+ Ke8 9. Qxc5 b6 10. Qxc3 Bb7 11. O-O Qe7 12. Re1 g5 13. e6 Rh7 14. exd7+
{Black resigns} 1-0

[Event "Team 45 45 League T45"]
[Site "Internet Chess Club"]
[Date "2010.05.23"]
[Round "3"]
[White "j316chuck"]
[Black "bigdill"]
[Result "1-0"]
[WhiteElo "1353"]
[BlackElo "1030"]
[Opening "Ruy Lopez: Caro variation"]
[ECO "C70"]
[Time "19:20:22"]
[TimeControl "2700+45"]

1. e4 e5 2. Nf3 Nc6 3. Bb5 a6 4. Ba4 b5 5. Bb3 Qe7 6. O-O Nf6 7. c3 Nxe4 8. Bd5
Nc5 9. Bxc6 dxc6 10. Re1 Qe6 11. Rxe5 Nd3 12. Rxe6+ Bxe6 13. Qc2 O-O-O 14. Nd4
Bc4 15. b3 Ne1 16. Qd1 Nd3 17. bxc4 Bd6 18. Qg4+ Rd7 19. Ba3 Re8 20. g3 Re1+ 21.
Kg2 Bxa3 22. cxb5 Ne5 23. Qh3 Bb2 24. bxc6 Nxc6 25. Nxc6 Bxa1 26. Na7+ Kd8 27.
Qh4+ f6 28. Nc6+ Kc8 29. Na3 Rc1 30. Qc4 Kb7 31. Nb5 Rb1 32. Nba7 Rb6 33. Qe4
Bb2 34. Ne5+ c6 35. Nxd7 Kxa7 36. Nxb6 Kxb6 37. Qb4+ Ka7 38. Qxb2 g5 39. c4 f5
40. Qg7+ Kb6 41. Qxg5 Ka5 42. Qxf5+ Kb4 43. Qxh7 Ka3 44. Qa7 Kxa2 45. Qxa6+ Kb3
46. Qxc6 Kc2 47. h4 Kxd2 48. h5 Kd3 49. h6 {Black resigns} 1-0

[Event "Team 45 45 League T45"]
[Site "Internet Chess Club"]
[Date "2010.05.21"]
[Round "3"]
[White "Burbia"]
[Black "taldeital"]
[Result "0-1"]
[WhiteElo "1366"]
[BlackElo "1432"]
[Opening "Scandinavian (center counter) defense"]
[ECO "B01"]
[Time "17:00:16"]
[TimeControl "2700+45"]

1. e4 d5 2. e5 Bf5 3. d4 e6 4. Nf3 h6 5. Nh4 Qxh4 6. Bd3 Bxd3 7. Qxd3 c6 8. Qb3
Qe7 9. Bd2 Qc7 10. Nc3 Ne7 11. g4 Ng6 12. O-O-O Nd7 13. h4 Qb6 14. h5 Qxb3 15.
cxb3 Ne7 16. f4 Nc8 17. f5 exf5 18. gxf5 Ncb6 19. Rde1 Be7 20. Rhg1 Bh4 21. Re2
Kf8 22. Reg2 c5 23. Nb5 cxd4 24. Bb4+ Be7 25. Bxe7+ Kxe7 26. e6 Ne5 27. Rxg7
Raf8 28. R1g3 d3 29. Kd2 Kf6 30. Nd6 fxe6 31. fxe6 Kxe6 32. Nxb7 Rf2+ 33. Kc3
Rc8+ 34. Kd4 d2 35. Nc5+ Rxc5 36. Rg1 {White resigns} 0-1